 Dungeon Crawl Stone Soup version 0.31.0-32-g396128a36d (webtiles) character file.

Game seed: 4149624717762524017

505977 ChadusMaximus the Worldbinder (level 25, -14/197 HPs)
             Began as a Barachi Summoner on Mar 9, 2024.
             Was a High Priest of Hepliaklqana.
             Killed from afar by a black draconian (26 damage)
             ... with a bolt of lightning
             ... on level 4 of the Depths.
             The game lasted 02:25:40 (68302 turns).

ChadusMaximus the Worldbinder (Barachi Summoner)   Turns: 68302, Time: 02:25:40

Health: -14/197    AC: 13    Str: 13    XL:     25   Next: 35%
Magic:  51/58      EV: 25    Int: 45    God:    Hepliaklqana [*****.]
Gold:   896        SH: 16    Dex: 18    Spells: 7/69 levels left

rFire   . . .        j - +0 whip "Arelub" {pain, MP+9 Str+3 Int+4}
rCold   + + .        g - +2 kite shield {rC+}
rNeg    + + +        L - +2 robe {rN+}
rPois   .            (no helmet)
rElec   .            u - +2 cloak {Will+}
rCorr   +            X - +2 pair of gloves of Daisies {Rampage rCorr Dex+5}
SInv    +            d - +0 pair of boots of the Onion {Fly rC+ Regen+ SInv}
Will    ++...        M - amulet of magic regeneration
Stlth   ++           e - ring "Leudghy" {rN+++ Int+6}
HPRegen 1.32/turn    f - +6 ring of intelligence
MPRegen 0.76/turn

%: rampage
@: unable to hop, flying, studying Shapeshifting, slow
A: reduced essence, amphibious, slowness 1, strong legs 2, +LOS, clever 1, wild
magic 1
}: 2/15 runes: decaying, serpentine
a: Hop, Renounce Religion, Recall Ancestor, Ancestor Identity, Transference,
Idealise


You were on level 4 of the Depths.
You worshipped Hepliaklqana.
Hepliaklqana was extremely pleased with you.
You visited 9 branches of the dungeon, and saw 42 of its levels.
You visited the Abyss 1 time.
You also visited: Trove and Volcano.

You collected 5844 gold pieces.
You spent 4948 gold pieces at shops.

Inventory:

Hand Weapons
 j - the +0 whip "Arelub" (weapon) {pain, MP+9 Str+3 Int+4}
   (You found it on level 3 of the Elven Halls)

   Str+3:     It affects your strength (+3).
   Int+4:     It affects your intelligence (+4).
   MP+9:      It affects your magic capacity (+9).
 C - the +8 storm bow {elec, penet}
   (You found it on level 3 of the Elven Halls)
Armour
 d - the +0 pair of boots of the Onion (worn) {Fly rC+ Regen+ SInv}
   (You bought it in a shop on level 2 of the Orcish Mines)

   rC+:       It protects you from cold.
   SInv:      It lets you see invisible.
   Fly:       It grants you flight.
   Regen+:    It increases your rate of health regeneration.
 g - a +2 kite shield of cold resistance (worn)
 u - a +2 cloak of willpower (worn)
 x - the +4 helmet "Zolaxexa" {Int+3}
   (You bought it in a shop on level 11 of the Dungeon)

   Int+3:     It affects your intelligence (+3).
 D - a +1 kite shield of reflection
 L - a +2 robe of positive energy (worn)
 V - a +0 crystal plate armour
 X - the +2 pair of gloves of Daisies (worn) {Rampage rCorr Dex+5}
   (You bought it in a shop on level 2 of the Orcish Mines)

   Dex+5:     It affects your dexterity (+5).
   rCorr:     It protects you from acid and corrosion.
   Rampage:   It bestows one free step when moving towards enemies.
Jewellery
 e - the ring "Leudghy" (left hand) {rN+++ Int+6}
   (You took it off a fire giant on level 2 of the Depths)

   [ring of intelligence]

   Int+6:     It affects your intelligence (+6).
   rN+++:     It renders you almost immune to negative energy.
 f - a +6 ring of intelligence (right hand)
 K - the ring "Teaman" {rF+ rCorr}
   (You found it on level 8 of the Dungeon)

   [ring of protection from fire]

   rF+:       It protects you from fire.
   rCorr:     It protects you from acid and corrosion.
 M - an amulet of magic regeneration (around neck)
Wands
 t - a wand of flame (14)
 y - a wand of digging (12)
 J - a wand of paralysis (39)
 R - a wand of roots (22)
 Y - a wand of mindburst (21)
Scrolls
 c - 7 scrolls of brand weapon
 i - 9 scrolls of noise
 m - 3 scrolls of amnesia
 n - 3 scrolls of revelation
 p - 10 scrolls of enchant weapon
 r - 15 scrolls of teleportation
 s - 9 scrolls of enchant armour
 w - 3 scrolls of fog
 z - 7 scrolls of vulnerability
 A - 14 scrolls of fear
 B - 2 scrolls of summoning
 E - 2 scrolls of identify
 N - 6 scrolls of immolation
 O - 5 scrolls of poison
 Q - 3 scrolls of torment
 T - 13 scrolls of blinking
 U - 3 scrolls of silence
Potions
 a - 7 potions of berserk rage
 b - 5 potions of magic
 h - a potion of cancellation
 k - 7 potions of haste
 l - 4 potions of brilliance
 o - 5 potions of attraction
 q - 10 potions of heal wounds
 F - 7 potions of lignification
 G - a potion of invisibility
 H - 7 potions of ambrosia
 I - 9 potions of enlightenment
 P - a potion of mutation
 S - 8 potions of might
 W - a potion of curing
 Z - a potion of resistance
Miscellaneous
 v - a sack of spiders


   Skills:
 - Level 22.7 Fighting
 + Level 13.0 Armour
 - Level 20.3 Dodging
 - Level 2.0 Stealth
 - Level 16.1 Shields
 + Level 22.6 Spellcasting
 + Level 23.4 Summonings
 - Level 8.6 Invocations


You had 7 spell levels left.
You knew the following spells:

 Your Spells              Type           Power      Damage    Failure   Level
a - Monstrous Menagerie   Summ           74%        N/A       1%          7
b - Summon Horrible Thin  Summ           74%        N/A       1%          8
c - Martyr's Knell        Necr/Summ      100%       N/A       1%          4
d - Summon Lightning Spi  Summ/Air       100%       N/A       1%          4
e - Summon Cactus Giant   Summ           74%        N/A       1%          6
f - Summon Forest         Summ/Tloc      58%        N/A       1%          5
g - Summon Mana Viper     Hex/Summ       100%       N/A       1%          5
h - Summon Hydra          Summ           74%        N/A       1%          7
i - Dragon's Call         Summ           74%        N/A       7%          9
j - Malign Gateway        Summ/Tloc      58%        N/A       7%          7

Your spell library contained the following spells:

 Spells                   Type           Power      Damage    Failure   Level
 Apportation              Tloc           100%       N/A       1%          1
 Freeze                   Ice            100%       1d10      1%          1
 Kiss of Death            Conj/Necr      100%       2d13      1%          1
 Magic Dart               Conj           100%       1d8       1%          1
 Sandblast                Erth           100%       2d20      1%          1
 Shock                    Conj/Air       100%       1d9       1%          1
 Summon Small Mammal      Summ           100%       N/A       1%          1
 Blink                    Tloc           100%       N/A       1%          2
 Call Imp                 Summ           100%       N/A       1%          2
 Cigotuvi's Dreadful Rot  Necr/Alch/Air  100%       N/A       1%          2
 Ensorcelled Hibernation  Hex/Ice        100%       N/A       1%          2
 Jinxbite                 Hex            100%       N/A       1%          2
 Lesser Beckoning         Tloc           100%       N/A       1%          2
 Momentum Strike          Conj/Tloc      100%       3d10      1%          2
 Scorch                   Fire           100%       2d9       1%          2
 Searing Ray              Conj           100%       2d8       1%          2
 Call Canine Familiar     Summ           100%       N/A       1%          3
 Summon Ice Beast         Ice/Summ       100%       N/A       1%          3
 Animate Armour           Summ/Erth      100%       N/A       1%          4
 Summon Blazeheart Golem  Fire/Summ      100%       N/A       1%          4
 Confusing Touch          Hex            60%        N/A       3%          3
 Dazzling Flash           Conj/Hex       100%       N/A       3%          3
 Frozen Ramparts          Ice            100%       1d16      3%          3
 Fugue of the Fallen      Necr           60%        N/A       3%          3
 Gell's Gravitas          Tloc           60%        N/A       3%          3
 Hailstorm                Conj/Ice       60%        3d11      3%          3
 Mephitic Cloud           Conj/Alch/Air  60%        N/A       3%          3
 Ozocubu's Armour         Ice            60%        N/A       3%          3
 Passwall                 Erth           60%        N/A       3%          3
 Stone Arrow              Conj/Erth      100%       3d13      3%          3
 Swiftness                Air            60%        N/A       3%          3
 Teleport Other           Tloc           60%        N/A       3%          3
 Volatile Blastmotes      Fire/Tloc      100%       2d18      3%          3
 Haunt                    Necr/Summ      58%        N/A       7%          7
 Airstrike                Air            30%        2d(5-21)  10%         4
 Anguish                  Hex/Necr       30%        N/A       10%         4
 Animate Dead             Necr           60%        N/A       10%         4
 Brom's Barrelling Bould  Conj/Erth      60%        2d8       10%         4
 Dispel Undead            Necr           60%        3d21      10%         4
 Flame Wave               Conj/Fire      60%        2d14      10%         4
 Fulminant Prism          Conj/Alch      30%        3d15      10%         4
 Ignite Poison            Fire/Alch      60%        N/A       10%         4
 Iskenderun's Mystic Bla  Conj/Tloc      60%        2d13      10%         4
 Leda's Liquefaction      Alch/Erth      30%        N/A       10%         4
 Manifold Assault         Tloc           60%        N/A       10%         4
 Olgreb's Toxic Radiance  Alch           60%        N/A       10%         4
 Passage of Golubria      Tloc           60%        N/A       10%         4
 Petrify                  Alch/Erth      60%        N/A       10%         4
 Vhi's Electric Charge    Tloc/Air       100%       N/A       10%         4
 Alistair's Intoxication  Alch           40%        N/A       24%         5
 Arcjolt                  Conj/Air       30%        1d40      24%         5
 Fireball                 Conj/Fire      30%        3d13      24%         5
 Freezing Cloud           Conj/Ice/Air   30%        6-21      24%         5
 Iskenderun's Battlesphe  Conj           60%        2d11      24%         5
 Lee's Rapid Deconstruct  Erth           30%        3d16*     24%         5
 Metabolic Englaciation   Hex/Ice        30%        N/A       24%         5
 Silence                  Hex/Air        30%        N/A       24%         5
 Yara's Violent Unravell  Hex/Alch       30%        3d13      24%         5
 Conjure Ball Lightning   Conj/Air       30%        3x3d10    75%         6
 Dispersal                Tloc           30%        N/A       75%         6
 Plasma Beam              Fire/Air       30%        2x1d43    75%         6
 Enfeeble                 Hex            30%        N/A       99%         7
 Orb of Destruction       Conj           30%        9d10      99%         7
 Ozocubu's Refrigeration  Ice            30%        4d14      99%         7
 Discord                  Hex            30%        N/A       100%        8
 Disjunction              Tloc           30%        N/A       100%        8
 Infestation              Necr           30%        N/A       100%        8
 Lehudib's Crystal Spear  Conj/Erth      30%        10d8      100%        8
 Maxwell's Capacitive Co  Air            30%        ∞         100%        8
 Chain Lightning          Conj/Air       30%        3d40      100%        9
 Death's Door             Necr           30%        N/A       100%        9
 Fire Storm               Conj/Fire      30%        8d8       100%        9
 Shatter                  Erth           30%        3d25*     100%        9


Dungeon Overview and Level Annotations

Branches:
Dungeon (15/15)            Temple (1/1) D:6            Lair (5/5) D:8
  Swamp (4/4) Lair:2        Snake (4/4) Lair:3        Slime (0/5) Lair:4
    Orc (2/2) D:11            Elf (3/3) Orc:2        Vaults (4/5) D:13
  Crypt (0/3) Vaults:3     Depths (4/4) D:15            Zot (0/5) Depths:4
Volcano (visited)

Altars:
Ashenzari
Cheibriados
Dithmenos
Elyvilon
Fedhas
Gozag
Hepliaklqana
Kikubaaqudgha
Makhleb
Nemelex Xobeh
Okawaru
Qazlal
Ru
Sif Muna
Trog
Uskayaw
Vehumet
Wu Jian
Xom
Yredelemnul
Zin
Jiyva
Lugonu

Shops:
D:4 ?   D:7 =(:   D:11 [?!*   Orc:2 ?[?:   Snake:2 !   Snake:4 *   Depths:3 ?
Depths:4 ?(([

Portals:
Hell: Depths:1 Depths:2 Depths:3 Depths:4
Abyss: Lair:5 Depths:1 Depths:3
Pandemonium: Depths:1 Depths:2 Depths:3 Depths:4
Ziggurat: Depths:1
Bazaar: Vaults:1

Annotations:
D:2 Terence
D:9 4 transporters
D:14 2 transporters, dvd2's ghost, journeyman TrBe
Lair:4 1 runed translucent door
Elf:2 Roxanne
Vaults:1 exclusion: orange crystal statue


Innate Abilities, Weirdness & Mutations

Your life essence is reduced to manifest your ancestor. (-10% HP)
You are amphibious.
You cover ground slowly.
You can hop long distances.
You have an extended range of vision and can be seen from far away.
Your mind is acute. (Int +4, Str/Dex -1)
Your spells are a little harder to cast, but a little more powerful.


Message History

Your lindwurm breathes flames at the golden dragon.
The blast of flame hits the golden dragon!!
The golden dragon resists.
What are your orders? t - Croak!
Orders for allies: a - Attack new target. r - Retreat! s - Stop attacking. g - Guard the area. f - Follow me.
Anything else - Cancel.
Gang up on whom?
Press: ? - help, Dir - move target, f - golden dragon
Aim: a golden dragon (severely wounded, not watching you, catching its breath, ally target) Attack!
Your lindwurm bites the golden dragon.
Your lindwurm claws the golden dragon.
Your lindwurm claws the golden dragon but does no damage.
There are no items here.
Your lindwurm dies!
Your lindwurm's corpse disappears in a puff of smoke!
Unknown command.
Psammuthes hits the golden dragon with a +0 broad axe of speed!
The golden dragon bites Psammuthes!!
Psammuthes blocks the golden dragon's attack. x2
Psammuthes barely misses the golden dragon.
The golden dragon breathes fire at Psammuthes.
The bolt of fire hits Psammuthes!!
Psammuthes resists.
The bolt of fire hits your large abomination!!!
The bolt of fire hits your large abomination!!
The bolt of fire hits you!!
* * * LOW HITPOINT WARNING * * *
Psammuthes hits the golden dragon with a +0 broad axe of speed!
The golden dragon dies!
The black draconian breathes lightning at you.
The bolt of lightning hits Psammuthes!!
The bolt of lightning misses your large abomination.
The bolt of lightning hits your large abomination!!
Your large abomination is destroyed!
Your large abomination disappears in a puff of smoke!
The bolt of lightning hits you!!
You die...

)....'...........'.#.~~~....#
#....#...........#.#.~≈~....#
##################)#.~≈~....#
...∩..°..)'.#......#.~≈~..P.#
.......°.[#[#...[[.#.~~~....#
..°....R..#)##[###.#.~≈~....#
.D.k..☼...#.#XX..#)#.~~~....#
#########'###XX..#.#.≈≈~....#
#......d§RX§.@#'###≈~....#
##################...#≈~....#
.................#...#≈~....#
~~~~~~~~~~~~≈~~≈~#####≈≈....#
≈~≈~≈≈≈≈≈≈≈≈~≈≈≈≈≈≈≈≈≈≈~....#
~~~~~~~≈~~~~~~~~~~~~~≈~~....#
.............P..............#
.....................P......#
#############################


You could see the friendly Psammuthes the knight (fast, reflecting), a friendly
tentacled monstrosity (summoned) and 4 friendly large abominations.

Vanquished Creatures
  A sphinx (Vaults:2)
  Louise (Swamp:3)
  An ironbound preserver (Vaults:2)
  An eleionoma (Swamp:1)
  A purple draconian (Depths:4)
  2 dire elephants (Vaults:2)
  A black draconian (Depths:4)
  A bunyip (Swamp:2)
  An ettin (Depths:2)
  4 yaktaur captains
  Harold (D:10)
  A great orb of eyes (Vaults:1)
  3 anacondas
  A centaur warrior (D:15)
  2 ironbound frosthearts
  2 boulder beetles
  A thrashing horror (Lair:5)
  3 deep elf knights
  2 naga sharpshooters (Snake:4)
  2 skysharks
  A deep troll (Vaults:2)
  A spectral alligator (Swamp:4)
  A phantasmal warrior (Swamp:3)
  An ironbound convoker (Vaults:2)
  A lindwurm (Lair:5)
  2 harpies (Vaults:3)
  A deep elf pyromancer (Elf:1)
  A will-o-the-wisp (Swamp:1)
  An orc sorcerer (Vaults:3)
  An ugly thing (Lair:5)
  A cyclops (D:12)
  A salamander (Snake:3)
  A torpor snail (Lair:1)
  5 black mambas
  A naga mage (Snake:1)
  2 cane toads
  Jeremiah (D:8)
  A rime drake (D:8)
  3 komodo dragons
  A raiju (Abyss:2)
  A tyrant leech (Swamp:2)
  A vampire (D:13)
  6 yaks
  2 wraiths
  A hog (Lair:4)
  A wyvern (D:11)
  A warg (D:11)
  2 vampire mosquitoes (D:13)
  A chaos spawn (Lair:5)
  3 swamp worms (Swamp:2)
  4 nagas
  4 water moccasins
  A human skeleton (Vaults:3)
  2 phantoms
  A kobold brigand (D:5)
  A bullfrog (Lair:2)
  A scorpion (Lair:1)
  2 killer bees (D:9)
  A nameless horror (Vaults:2)
  A lava snake (Orc:2)
  2 orc priests
  3 hounds
  3 jellies
  Natasha (D:4)
  An orc wizard (Orc:2)
  2 gnolls (D:6)
  3 adders
  A shadow imp (D:5)
  A dart slug (D:1)
  20 orcs
  2 endoplasms
  7 goblins
  5 hobgoblins
  A quokka (D:2)
  2 ball pythons
  A bat (D:3)
  2 frilled lizards
  3 kobolds
  4 rats
161 creatures vanquished.

Vanquished Creatures (collateral kills)
  Mara (Vaults:4)
  Saint Roka (Elf:2)
  5 golden dragons
  the Enchantress (Depths:4)
  A bone dragon (Swamp:4)
  Jory (Depths:3)
  Norris (Depths:1)
  4 tentacled monstrosities
  2 liches
  2 deep elf blademasters
  2 deep elf master archers (Elf:3)
  2 quicksilver dragons (Depths:4)
  4 sphinxes
  A tentacled starspawn (Abyss:2)
  Kirke (Lair:4)
  A tengu reaver (Depths:2)
  4 shadow dragons
  Aizul (Swamp:2)
  Donald (Snake:2)
  3 nagarajas (Snake:4)
  5 storm dragons
  4 draconian monks (Depths:4)
  11 deep elf sorcerers
  2 fenstrider witches
  A draconian shifter (Depths:4)
  3 frost giants
  6 fire giants
  4 iron dragons
  7 vault wardens
  2 orc warlords (Vaults:3)
  A draconian annihilator (Depths:4)
  3 deep elf elementalists (Elf:3)
  6 formless jellyfish
  A cacodemon (Abyss:2)
  3 spriggan defenders (Depths:4)
  6 very ugly things
  11 ironbound thunderhulks
  8 stone giants
  6 ironbound preservers
  2 green draconians (Depths:4)
  5 purple draconians (Depths:4)
  7 deep elf death magi (Elf:3)
  A vampire knight (Depths:2)
  3 eleionomae
  A lorocyproca (Abyss:2)
  7 black draconians (Depths:4)
  8 red draconians
  5 deep elf annihilators (Elf:3)
  4 white draconians (Depths:4)
  28 dire elephants
  13 deep elf demonologists
  16 spark wasps
  2 bunyips
  A blizzard demon (Depths:4)
  An eidolon (Vaults:3)
  7 ettins
  A crystal guardian (Vaults:3)
  6 deep elf high priests
  A merfolk javelineer (Depths:3)
  An entropy weaver (Vaults:3)
  A shambling mangrove (Swamp:4)
  Josephine (Lair:4)
  5 yaktaur captains
  A quicksilver dragon zombie (D:15)
  A merfolk impaler (Depths:3)
  8 fire dragons
  2 great orbs of eyes (Vaults:2)
  Fannar (D:10)
  A caustic shrike simulacrum (Depths:1)
  3 salamander tyrants (Snake:4)
  2 ghost crabs
  9 ice dragons
  Erolcha (Orc:2)
  14 hydras
  2 spriggan air magi
  11 vault guards
  5 centaur warriors
  3 rakshasas
  8 ironbound frosthearts
  12 anacondas
  The ghost of ChadusMaximus the Convoker, a journeyman BaSu of Hepliaklqana (D:12)
  8 alligators
  2 ogre magi (D:10)
  35 dancing weapons
  4 boulder beetles
  21 naga warriors
  A death knight (D:14)
  A sphinx zombie (D:15)
  2 vampire magi
  A two-headed ogre (shapeshifter) (Depths:4)
  8 deep troll earth magi
  7 two-headed ogres
  The ghost of dertzug the Protected, a novice AtFi of the Shining One (D:10)
  11 deep troll shamans
  13 death yaks
  A demonic crawler (Lair:2)
  7 tengu warriors
  4 thrashing horrors
  3 orc high priests
  3 shock serpents
  A sphinx skeleton (D:15)
  22 deep elf knights
  2 occultists (Depths:1)
  Nergalle (Orc:2)
  A sun demon (Depths:4)
  A spriggan berserker (Depths:2)
  2 wretched stars (Abyss:2)
  18 naga sharpshooters
  5 skysharks
  3 salamander mystics
  A death drake (Depths:4)
  A sixfirhy (Depths:2)
  2 skeletal warriors (D:15)
  12 iron trolls
  4 glowing orange brains
  38 deep trolls
  6 arcanists
  2 spriggan druids
  4 mana vipers
  A tengu zombie (Depths:1)
  A spectral alligator (Swamp:4)
  4 naga ritualists
  3 spectral hydras (Swamp:4)
  21 deep elf archers
  A shadow demon (Depths:2)
  4 swamp dragons
  A swamp dragon (shapeshifter) (Depths:2)
  9 lindwurms
  The ghost of Festo the Covered, a novice MiFi of Trog (D:5)
  6 bog bodies
  9 ironbound convokers
  4 orc knights (Vaults:3)
  36 deep elf zephyrmancers
  16 orc sorcerers
  3 harpies (Vaults:3)
  35 deep elf pyromancers
  3 phantasmal warriors
  22 ugly things
  6 necromancers
  3 cyclopes
  An alligator zombie (Swamp:4)
  4 manticores
  14 salamanders
  4 large abominations
  11 will-o-the-wisps
  A worldbinder (Abyss:2)
  2 kobold blastminers
  A water nymph (shapeshifter) (Elf:1)
  12 vault sentinels
  A gargoyle (D:11)
  2 smoke demons
  13 naga magi
  An apocalypse crab (Abyss:2)
  8 guardian serpents
  A torpor snail (Lair:4)
  A titan simulacrum (Depths:1)
  19 black mambas
  2 orange demons (Abyss:2)
  2 molten gargoyles (Volcano)
  2 unseen horrors
  11 cane toads
  4 swamp worm zombies (Swamp:4)
  5 rime drakes
  8 yaktaurs
  2 efreet (D:10)
  4 freezing wraiths
  A tormentor (Depths:4)
  A hellion (Depths:2)
  5 tengu conjurers
  3 hydra zombies (Swamp:4)
  12 komodo dragons
  An ancient zyme (Abyss:2)
  3 trolls
  A bloated husk (Swamp:4)
  10 hornets
  4 polar bears
  13 blink frogs
  11 tyrant leeches
  2 raiju (Lair:5)
  A stone giant simulacrum (Depths:1)
  3 spectral swamp dragons (Swamp:4)
  Sigmund (D:2)
  4 glass eyes
  A shadow (D:10)
  7 slime creatures
  5 wraiths
  7 ynoxinuls
  2 air elementals
  A vampire (D:12)
  9 spriggans
  2 tyrant leech zombies (Swamp:4)
  7 water elementals
  18 humans (D:13)
  71 yaks
  4 wyverns
  4 hogs (Lair:4)
  2 fire bats (Volcano)
  3 fire elementals
  13 basilisks
  6 wargs
  4 vampire mosquitoes
  2 neqoxecs (Abyss:2)
  3 redbacks (Vaults:3)
  9 swamp worms
  3 chaos spawn
  Menkaure (D:5)
  A glowing shapeshifter zombie (Vaults:3)
  44 nagas
  12 small abominations
  An acid dragon (D:11)
  16 water moccasins
  6 nameless horrors
  A swamp drake (Swamp:1)
  10 laughing skulls
  5 ice beasts
  18 orc warriors
  3 black bears
  A sky beast (Abyss:2)
  2 swamp dragon zombies (Swamp:4)
  5 centaurs
  11 wolves
  6 ogres
  4 phantoms
  An elf simulacrum (Vaults:3)
  2 kobold brigands (D:8)
  11 bullfrogs
  3 gnoll sergeants
  3 scorpions
  2 earth elementals
  8 wights
  16 killer bees
  2 howler monkeys (D:12)
  3 electric eels
  A crimson imp (D:7)
  9 lava snakes
  2 bombardier beetles
  2 hounds (D:5)
  9 orc priests
  2 jellies
  6 starcursed masses (Abyss:2)
  Crazy Yiuf (D:3)
  34 orc wizards
  3 gnoll boudas
  4 iguanas
  Natasha (twice) (D:4)
  Robin (D:4)
  11 adders
  27 gnolls
  3 white imps
  2 dart slugs
  A ribbon worm (D:2)
  54 orcs
  2 ball pythons
  A bat (D:1)
  2 endoplasms
  9 goblins
  4 hobgoblins
  A frilled lizard (D:3)
  5 kobolds (D:8)
  2 spectral weapons
1582 creatures vanquished.

Vanquished Creatures (others)
  A dread lich (Vaults:4)
  Vashnia (Snake:4)
  A deep elf elementalist (Elf:1)
  A dire elephant (Vaults:3)
  A yaktaur captain (Vaults:4)
  A peacekeeper (Vaults:3)
  A spriggan (Swamp:3)
  A deep elf archer (Elf:1)
  A deep elf pyromancer (Elf:1)
  3 deep elf zephyrmancers
  An orc sorcerer (Elf:2)
  A guardian serpent (Snake:2)
  9 bloated husks
  A hydra zombie (Swamp:4)
  2 hornets (Swamp:3)
  A human (Lair:4)
  A tyrant leech zombie (Swamp:4)
  A naga (Snake:4)
  A swamp worm (Swamp:3)
  A swamp dragon zombie (Swamp:4)
  An ancestor (D:9)
  54 knights
  An orc wizard (Elf:1)
  2 orcs
  72 foxfires
  24 snaplasher vines
  3 starspawn tentacles (Abyss:2)
188 creatures vanquished.

Grand Total: 1931 creatures vanquished

Notes
Turn   | Place    | Note
-------+----------+-------------------------------------------
     0 | D:1      | ChadusMaximus the Barachi Summoner began the quest for the
                  | Orb.
     0 | D:1      | Reached XP level 1. HP: 13/13 MP: 3/3
   337 | D:1      | Reached XP level 2. HP: 16/19 MP: 0/5
   532 | D:1      | Reached skill level 5 in Summonings
   761 | D:2      | Reached XP level 3. HP: 24/24 MP: 4/6
   765 | D:2      | Learned a level 3 spell: Call Canine Familiar
   768 | D:2      | Learned a level 2 spell: Call Imp
   829 | D:2      | Noticed Sigmund
   831 | D:2      | Noticed Terence
  1033 | D:2      | Killed Sigmund
  1034 | D:2      | Reached skill level 7 in Summonings
  1034 | D:2      | Reached XP level 4. HP: 30/30 MP: 2/9
  1034 | D:2      | Reached XP level 5. HP: 35/35 MP: 2/10
  1360 | D:2      | Reached XP level 6. HP: 41/41 MP: 5/11
  2160 | D:3      | Found a runed translucent door.
  2161 | D:3      | Noticed Crazy Yiuf
  2488 | D:3      | Killed Crazy Yiuf
  2659 | D:4      | Reached skill level 8 in Summonings
  2777 | D:4      | Got the Lessons on Creeping Burning
  2841 | D:4      | Noticed Robin
  2863 | D:4      | Killed Robin
  2864 | D:4      | Reached XP level 7. HP: 43/46 MP: 7/13
  2982 | D:4      | Noticed Natasha
  2992 | D:4      | Killed Natasha
  3162 | D:4      | Found Kyuveigg's Magic Scroll Boutique.
  3253 | D:4      | Bought a scroll of identify for 20 gold pieces
  3253 | D:4      | Bought a scroll of teleportation for 30 gold pieces
  3253 | D:4      | Bought a scroll of identify for 20 gold pieces
  3253 | D:4      | Bought a scroll of teleportation for 30 gold pieces
  3442 | D:4      | Reached skill level 5 in Spellcasting
  3442 | D:4      | Reached skill level 9 in Summonings
  3490 | D:4      | Noticed Natasha
  3509 | D:4      | Killed Natasha
  3710 | D:4      | Noticed Natasha
  3720 | D:4      | Killed Natasha
  4313 | D:5      | Entered Level 5 of the Dungeon
  4345 | D:5      | Learned a level 4 spell: Summon Lightning Spire
  4575 | D:5      | Noticed Menkaure
  4587 | D:5      | Killed Menkaure
  4588 | D:5      | Reached XP level 8. HP: 28/52 MP: 6/16
  4835 | D:5      | Reached skill level 10 in Summonings
  5083 | D:5      | Noticed Festo's ghost (novice MiFi)
  5092 | D:5      | Found a runed translucent gate.
  5092 | D:5      | Found a runed translucent gate.
  5093 | D:5      | Found a runed translucent gate.
  5146 | D:5      | Noticed a nameless horror
  5156 | D:5      | Killed a nameless horror
  5632 | D:5      | Reached skill level 11 in Summonings
  5642 | D:5      | Killed Festo's ghost
  5643 | D:5      | Reached skill level 12 in Summonings
  5643 | D:5      | Reached XP level 9. HP: 57/57 MP: 2/19
  5855 | D:6      | Found a staircase to the Ecumenical Temple.
  5860 | D:6      | Identified the +3 leather armour of the Gloaming {Rampage
                  | rC+}
  5881 | Temple   | Entered the Ecumenical Temple
  6509 | D:6      | Reached skill level 13 in Summonings
  6706 | D:6      | Found a glowing silver altar of Zin.
  7140 | D:7      | Found Qatili's Book Emporium.
  7419 | D:7      | Found Rorghij's Antique Weapon Boutique.
  7587 | D:7      | Reached XP level 10. HP: 63/63 MP: 11/22
  7589 | D:7      | Found Tule's Jewellery Boutique.
  7671 | D:7      | Reached skill level 14 in Summonings
  7820 | D:7      | Found a shadowy altar of Dithmenos.
  7826 | D:7      | Found a hazy altar of Hepliaklqana.
  7832 | D:7      | Became a worshipper of Hepliaklqana the Forgotten
  8514 | D:8      | Noticed Jeremiah
  8530 | D:8      | Reached skill level 15 in Summonings
  8530 | D:8      | Identified the +5 halberd of Wukuv {flame, Dex+3 Stlth+}
  9069 | D:8      | Found an ancient bone altar of Kikubaaqudgha.
  9069 | D:8      | Found an ornate altar of the Wu Jian Council.
  9069 | D:8      | Found a burning altar of Makhleb.
  9132 | D:8      | Killed Jeremiah
  9184 | D:8      | Found a staircase to the Lair.
  9318 | D:8      | Identified the ring "Teaman" {rF+ rCorr}
  9549 | D:9      | Reached * piety under Hepliaklqana
  9831 | D:9      | Found a transporter.
  9834 | D:9      | Found a transporter.
  9834 | D:9      | Found a transporter.
  9835 | D:9      | Found a transporter.
 10484 | D:9      | Reached XP level 11. HP: 59/70 MP: 15/24
 10534 | D:9      | Reached ** piety under Hepliaklqana
 10535 | D:9      | Remembered your ancestor Psammuthes as a knight
 10604 | D:9      | Reached skill level 5 in Fighting
 11077 | D:10     | Entered Level 10 of the Dungeon
 11394 | D:10     | Reached skill level 5 in Dodging
 11518 | D:10     | Found a runed translucent door.
 11563 | D:10     | Noticed dertzug's ghost (novice AtFi)
 11581 | D:10     | Noticed Fannar
 11589 | D:10     | Killed Fannar
 11795 | D:7      | Bought a book of the Wilderness for 532 gold pieces
 11804 | D:7      | Learned a level 6 spell: Summon Cactus Giant
 11810 | D:7      | Learned a level 5 spell: Summon Forest
 11816 | D:7      | Learned a level 5 spell: Summon Mana Viper
 11935 | D:10     | Noticed an ogre mage
 11943 | D:10     | Noticed an ogre mage
 11969 | D:10     | Killed an ogre mage
 11974 | D:10     | Killed an ogre mage
 12055 | D:10     | Identified the +1 swamp dragon scales "Enuaby" {^Drain
                  | rPois rF+ rC+++ Int-4}
 12094 | D:10     | Noticed Harold
 12104 | D:10     | Killed Harold
 12105 | D:10     | Reached skill level 10 in Fighting
 12539 | D:10     | Killed dertzug's ghost
 12540 | D:10     | Reached XP level 12. HP: 89/89 MP: 12/25
 12715 | Lair:1   | Entered Level 1 of the Lair of Beasts
 13065 | Lair:1   | Reached *** piety under Hepliaklqana
 13092 | Lair:1   | Reached skill level 16 in Summonings
 13131 | Lair:1   | Reached skill level 10 in Spellcasting
 14205 | Lair:2   | Noticed a demonic crawler
 14219 | Lair:2   | Reached skill level 17 in Summonings
 14221 | Lair:2   | Killed a demonic crawler
 14617 | Lair:2   | Reached **** piety under Hepliaklqana
 14713 | Lair:2   | Noticed a skyshark
 14714 | Lair:2   | Noticed a five-headed hydra
 14721 | Lair:2   | Killed a skyshark
 14724 | Lair:2   | Killed a five-headed hydra
 14726 | Lair:2   | Gained mutation: You can hop long distances. [Barachi
                  | growth]
 14726 | Lair:2   | Reached XP level 13. HP: 89/93 MP: 16/28
 14865 | Lair:2   | Reached skill level 18 in Summonings
 15049 | Lair:2   | Found a staircase to the Swamp.
 16066 | Lair:3   | Found a dark tunnel.
 16074 | Volcano  | Entered a volcano
 16211 | Volcano  | Reached skill level 1 in Armour
 16635 | Volcano  | Found a radiant altar of Vehumet.
 16748 | Volcano  | Noticed a red draconian
 16756 | Volcano  | Killed a red draconian
 17788 | Lair:3   | Reached skill level 5 in Armour
 17792 | Lair:3   | Reached XP level 14. HP: 106/106 MP: 16/29
 17914 | Lair:3   | Found a staircase to the Snake Pit.
 18108 | Lair:3   | Reached ***** piety under Hepliaklqana
 18604 | Lair:4   | Noticed Kirke
 18722 | Lair:4   | Identified the +0 robe of the Floral God {rF+}
 19031 | Lair:4   | Reached skill level 10 in Dodging
 19095 | Lair:4   | Killed Kirke
 19587 | Lair:4   | Noticed Josephine
 19594 | Lair:4   | Killed Josephine
 19595 | Lair:4   | Reached skill level 15 in Fighting
 19687 | Lair:4   | Found a runed translucent door.
 19689 | Lair:4   | Found a viscous altar of Jiyva.
 19691 | Lair:4   | Found a staircase to the Slime Pits.
 19692 | Lair:4   | Noticed an acid blob
 19939 | Lair:5   | Entered Level 5 of the Lair of Beasts
 20777 | Lair:5   | Reached skill level 1 in Shields
 20777 | Lair:5   | Reached XP level 15. HP: 89/118 MP: 24/30
 21511 | Lair:5   | Reached skill level 19 in Summonings
 21752 | Lair:5   | Found a corrupted altar of Lugonu.
 21752 | Lair:5   | Found a one-way gate to the infinite horrors of the Abyss.
 22749 | D:11     | Identified the +0 robe "Duborchy" {rN++ MP-9 Int-3
                  | Archmagi}
 22830 | D:11     | Found Xosir's Magic Scroll Shop.
 22831 | D:11     | Found Jugeut's Antique Armour Shop.
 23198 | D:11     | Found Vikhleudu's Assorted Antiques.
 23198 | D:11     | Found Doha's Distillery.
 23212 | D:11     | Bought a brightly glowing helmet for 256 gold pieces
 23212 | D:11     | Identified the +4 helmet "Zolaxexa" {Int+3} (You bought it
                  | in a shop on level 11 of the Dungeon)
 23931 | D:11     | Found a staircase to the Orcish Mines.
 24060 | Orc:1    | Entered Level 1 of the Orcish Mines
 24679 | Orc:2    | Entered Level 2 of the Orcish Mines
 24763 | Orc:2    | Found a staircase to the Elven Halls.
 24982 | Orc:2    | Reached skill level 5 in Shields
 25373 | Orc:2    | Found Zicle's Magic Scroll Boutique.
 25381 | Orc:2    | Noticed Nergalle
 25388 | Orc:2    | Killed Nergalle
 25638 | D:7      | Bought a manual of Fighting for 1120 gold pieces
 25857 | Orc:2    | Bought a scroll of revelation for 97 gold pieces
 25857 | Orc:2    | Bought a scroll of teleportation for 39 gold pieces
 25879 | Orc:2    | Found Base's Book Shop.
 25893 | Orc:2    | Noticed Erolcha
 25905 | Orc:2    | Killed Erolcha
 25977 | Orc:2    | Found a radiant altar of Vehumet.
 26038 | Orc:2    | Found Xidogeig's Antique Armour Boutique.
 26079 | Orc:2    | Found an ancient bone altar of Kikubaaqudgha.
 26104 | Orc:2    | Found Oteaxt's Magic Scroll Shop.
 27308 | D:12     | Noticed ChadusMaximus's ghost (journeyman BaSu)
 27309 | D:12     | Reached ****** piety under Hepliaklqana
 27310 | D:12     | Found a runed translucent door.
 27605 | D:12     | Found an opulent altar of Gozag.
 27781 | D:12     | Killed ChadusMaximus's ghost
 28923 | D:13     | Reached XP level 16. HP: 112/128 MP: 24/32
 29083 | D:13     | Found a gate to the Vaults.
 29835 | D:14     | Noticed dvd2's ghost (journeyman TrBe)
 29845 | D:14     | Found a transporter.
 29849 | D:14     | Found a transporter.
 30209 | D:14     | Found an iron altar of Okawaru.
 30394 | D:15     | Entered Level 15 of the Dungeon
 30581 | D:15     | Found a staircase to the Depths.
 31333 | Orc:2    | Bought a pair of faintly humming gloves for 228 gold pieces
 31333 | Orc:2    | Identified the +2 pair of gloves of Daisies {Rampage rCorr
                  | Dex+5} (You bought it in a shop on level 2 of the Orcish
                  | Mines)
 31333 | Orc:2    | Bought a pair of smoking boots for 228 gold pieces
 31333 | Orc:2    | Identified the +0 pair of boots of the Onion {Fly rC+
                  | Regen+ SInv} (You bought it in a shop on level 2 of the
                  | Orcish Mines)
 32026 | Swamp:1  | Entered Level 1 of the Swamp
 32930 | Swamp:2  | Reached skill level 10 in Shields
 33167 | Swamp:2  | Identified the serpent talisman of Qazlal's Supremacy {rN+
                  | Will- Dex+3}
 33167 | Swamp:2  | Noticed Aizul
 33186 | Swamp:2  | Killed Aizul
 33351 | Swamp:2  | Noticed a fenstrider witch
 33359 | Swamp:2  | Killed a fenstrider witch
 33360 | Swamp:2  | Reached XP level 17. HP: 144/144 MP: 13/33
 34029 | Swamp:3  | Noticed Louise
 34039 | Swamp:3  | Killed Louise
 34084 | Swamp:3  | Identified the ring of Feivo {rN++ Will+ rCorr Int-3 Dex+3}
 34405 | Swamp:4  | Entered Level 4 of the Swamp
 34412 | Swamp:4  | Noticed a tentacled monstrosity
 34757 | Swamp:4  | Killed a tentacled monstrosity
 35583 | Swamp:4  | Noticed a bone dragon
 35839 | Swamp:4  | Killed a bone dragon
 36140 | Swamp:4  | Got a decaying rune of Zot
 36328 | Snake:1  | Entered Level 1 of the Snake Pit
 36463 | Snake:1  | Identified the +7 shortbow of Exomiwn {heavy, rElec Str-5
                  | Int+3 Dex+5}
 37320 | Snake:2  | Reached skill level 20 in Summonings
 37354 | Snake:2  | Found an ancient bone altar of Kikubaaqudgha.
 37460 | Snake:2  | Found Kitseiho's Distillery.
 37492 | Snake:2  | Identified a scroll of acquirement
 37495 | Snake:2  | Acquired the Tome of Calling
 37513 | Snake:2  | Learned a level 7 spell: Monstrous Menagerie
 37518 | Snake:2  | Learned a level 4 spell: Martyr's Knell
 37667 | Snake:2  | Reached XP level 18. HP: 153/153 MP: 23/35
 37950 | Snake:2  | Found a runed translucent door.
 38359 | Snake:2  | Noticed Donald
 38373 | Snake:2  | Killed Donald
 40382 | Snake:3  | Identified the ring of Birdsong {rN+ Int+2 Dex+2}
 40775 | Snake:4  | Entered Level 4 of the Snake Pit
 40891 | Snake:4  | Found Nicseh's Assorted Antiques.
 41010 | Snake:4  | Reached skill level 15 in Shields
 42180 | Snake:4  | Reached skill level 21 in Summonings
 42360 | Snake:4  | Noticed Vashnia
 42368 | Snake:4  | Reached XP level 19. HP: 158/158 MP: 11/37
 42390 | Snake:4  | Killed Vashnia
 42646 | Snake:4  | Got a serpentine rune of Zot
 43048 | Vaults:1 | Entered Level 1 of the Vaults
 43594 | Vaults:1 | Reached skill level 15 in Spellcasting
 43734 | Abyss:2  | Cast into level 2 of the Abyss (a deep elf sorcerer)
 43834 | Abyss:2  | Found a corrupted altar of Lugonu.
 43874 | Abyss:2  | Found a corrupted altar of Lugonu.
 43968 | Abyss:2  | Gained mutation: You are dopey. (Int -2) [a cacodemon]
 44079 | Abyss:2  | Gained mutation: You are very dopey. (Int -4) [a neqoxec]
 44312 | Abyss:2  | Reached skill level 1 in Invocations
 44323 | Abyss:2  | Paralysed by accursed screaming for 1 turns
 44342 | Vaults:1 | Escaped the Abyss
 45306 | Vaults:1 | Found a gateway to a bazaar.
 46569 | Vaults:2 | Paralysed by a formless jellyfish for 1 turns
 46901 | Vaults:2 | Reached XP level 20. HP: 45/165 MP: 4/41
 47206 | Vaults:2 | Reached skill level 5 in Invocations
 48198 | Vaults:2 | You are sucked into a shaft and drop 1 floor!
 48543 | Vaults:3 | Paralysed by a formless jellyfish for 1 turns
 48603 | Vaults:3 | Found a staircase to the Crypt.
 51014 | Vaults:4 | Identified the +4 arbalest of Doors {drain, rN++ Str-4 SInv
                  | Stlth+}
 51021 | Vaults:4 | Noticed a dread lich
 51047 | Vaults:4 | Killed a dread lich
 51186 | Vaults:4 | Found a portal to a secret trove of treasure.
 51383 | Vaults:4 | Paralysed by a formless jellyfish for 1 turns
 51961 | Snake:2  | Bought a potion of curing for 63 gold pieces
 51961 | Snake:2  | Bought a potion of curing for 63 gold pieces
 51961 | Snake:2  | Bought a potion of curing for 63 gold pieces
 52221 | D:11     | Bought a potion of curing for 84 gold pieces
 52221 | D:11     | Bought a potion of heal wounds for 140 gold pieces
 52768 | Vaults:4 | You paid a toll of 19 potions of curing to enter a treasure
                  | trove
 52769 | Trove    | Entered a treasure trove
 52771 | Trove    | Found the +0 mask of the Dragon {Will+ Slay+3 SInv}
 52776 | Trove    | Identified the +2 pair of boots of Circular Logic {rF+ MP-9
                  | Str+2 SInv}
 52779 | Trove    | Identified the +0 chain mail "Fetiexai" {Dex+3}
 52785 | Trove    | Identified the +0 pair of gloves of Gallantry {rPois Regen+
                  | Int-3 Stlth-}
 53147 | Vaults:4 | Reached XP level 21. HP: 171/171 MP: 40/44
 53175 | Vaults:4 | Paralysed by a formless jellyfish for 1 turns
 53751 | Vaults:4 | Noticed Mara
 53758 | Vaults:4 | Noticed ChadusMaximus's illusion
 53766 | Vaults:4 | Killed Mara
 54371 | Elf:1    | Entered Level 1 of the Elven Halls
 54451 | Elf:1    | Identified the +4 trident of Moderation {freeze, rC+ rN+
                  | Str-5 Dex+3}
 56147 | Elf:1    | Found a runed translucent gate.
 56147 | Elf:1    | Found a runed translucent gate.
 56147 | Elf:1    | Found a runed translucent gate.
 56147 | Elf:1    | Found a runed translucent gate.
 56148 | Elf:1    | Found a runed translucent gate.
 56150 | Elf:1    | Found a runed translucent gate.
 56240 | Elf:1    | Learned a level 8 spell: Summon Horrible Things
 56737 | Elf:2    | Found a runed translucent gate.
 56737 | Elf:2    | Found a runed translucent gate.
 56737 | Elf:2    | Found a runed translucent gate.
 56843 | Elf:2    | Noticed Roxanne
 56971 | Elf:2    | Reached skill level 15 in Dodging
 57179 | Elf:2    | Noticed Saint Roka
 57212 | Elf:2    | Killed Saint Roka
 57391 | Elf:2    | Reached XP level 22. HP: 178/178 MP: 27/47
 58264 | Elf:2    | Learned a level 7 spell: Summon Hydra
 58266 | Elf:3    | Entered Level 3 of the Elven Halls
 58471 | Elf:3    | Reached XP level 23. HP: 184/184 MP: 48/48
 58660 | Elf:3    | Found a shimmering blue altar of Sif Muna.
 59788 | Elf:3    | Identified the +5 morningstar of the Enchanted Forest
                  | {chaos, rN+ Dex+5}
 59878 | Elf:3    | Identified the +5 dagger of the Apocalypse {flame, *Noise
                  | Str+4 Dex+6 SInv}
 59957 | Elf:3    | Identified the +5 hand axe "Widowermaker" {flame, SInv
                  | Stlth+}
 59981 | Elf:3    | Identified the ring of Dogma {Fire rElec Dex+4}
 60086 | Elf:3    | Identified the +2 war axe "Picsiq" {heavy, Will- Int+6}
 60558 | Elf:3    | Found the +8 storm bow {elec, penet}
 60616 | Elf:3    | Identified the +0 scale mail of the Ecumenical Temple {rF+
                  | MP-9 Dex+6}
 60779 | Elf:3    | Identified the +0 whip "Arelub" {pain, MP+9 Str+3 Int+4}
 60789 | Elf:3    | Identified the +5 scale mail of the Sharing Gods {rElec
                  | Int+4}
 60794 | Elf:3    | Identified the +2 arbalest "Feow" {heavy, ^Drain Will++
                  | Dex+5}
 61257 | Elf:3    | Learned a level 9 spell: Dragon's Call
 61265 | Elf:3    | Learned a level 7 spell: Malign Gateway
 61545 | Depths:1 | Entered Level 1 of the Depths
 61683 | Depths:1 | Identified the +0 scale mail of Feasting {Str+6 Dex+2}
 62307 | Depths:1 | Found a gateway to Hell.
 62555 | Depths:1 | Noticed Norris
 62563 | Depths:1 | Killed Norris
 62692 | Depths:1 | Found a one-way gate leading to the halls of Pandemonium.
 62924 | Depths:1 | Found a one-way gateway to a ziggurat.
 63040 | Depths:1 | Found a hazy altar of Hepliaklqana.
 63282 | Depths:2 | Reached XP level 24. HP: 190/190 MP: 43/48
 63609 | Depths:2 | Identified the ring "Teugh" {rElec rPois Slay+3}
 63615 | Depths:2 | Identified the ring "Leudghy" {rN+++ Int+6}
 63855 | Depths:2 | Identified the +1 dagger of the Puffball {holy, ^Contam rF+
                  | Stlth+}
 64037 | Depths:2 | Got the Book of Vitriolic Jinxing
 64430 | Depths:2 | Reached skill level 22 in Summonings
 65337 | Depths:3 | Reached skill level 10 in Armour
 65514 | Depths:3 | Found Herekk's Magic Scroll Shop.
 65516 | Depths:3 | Noticed Jory
 65529 | Depths:3 | Killed Jory
 65537 | Depths:3 | Lost mutation: You are very dopey. (Int -4) [potion of
                  | mutation]
 65537 | Depths:3 | Lost mutation: You are dopey. (Int -2) [potion of mutation]
 65537 | Depths:3 | Gained mutation: Your flesh is heat resistant. (rF+)
                  | [potion of mutation]
 65537 | Depths:3 | Gained mutation: You are clumsy. (Dex -2) [potion of
                  | mutation]
 65537 | Depths:3 | Gained mutation: You sometimes lose your temper in combat.
                  | [potion of mutation]
 65538 | Depths:3 | Lost mutation: You are clumsy. (Dex -2) [potion of
                  | mutation]
 65538 | Depths:3 | Lost mutation: You sometimes lose your temper in combat.
                  | [potion of mutation]
 65538 | Depths:3 | Gained mutation: You occasionally lose the ability to drink
                  | potions when taking damage. [potion of mutation]
 65538 | Depths:3 | Gained mutation: Your flesh is cold resistant. (rC+)
                  | [potion of mutation]
 65539 | Depths:3 | Lost mutation: Your flesh is cold resistant. (rC+) [potion
                  | of mutation]
 65539 | Depths:3 | Lost mutation: You occasionally lose the ability to drink
                  | potions when taking damage. [potion of mutation]
 65539 | Depths:3 | Lost mutation: Your flesh is heat resistant. (rF+) [potion
                  | of mutation]
 65539 | Depths:3 | Gained mutation: You are partially covered in iridescent
                  | scales. (AC +2) [potion of mutation]
 65539 | Depths:3 | Gained mutation: You have a pair of small horns on your
                  | head. [potion of mutation]
 65539 | Depths:3 | Gained mutation: Your spells are a little easier to cast,
                  | but a little less powerful. [potion of mutation]
 65540 | Depths:3 | Lost mutation: Your spells are a little easier to cast, but
                  | a little less powerful. [potion of mutation]
 65540 | Depths:3 | Lost mutation: You have a pair of small horns on your head.
                  | [potion of mutation]
 65540 | Depths:3 | Gained mutation: You are vulnerable to heat. (rF-) [potion
                  | of mutation]
 65541 | Depths:3 | Lost mutation: You are vulnerable to heat. (rF-) [potion of
                  | mutation]
 65541 | Depths:3 | Lost mutation: You are partially covered in iridescent
                  | scales. (AC +2) [potion of mutation]
 65541 | Depths:3 | Gained mutation: You are partially covered in iridescent
                  | scales. (AC +2) [potion of mutation]
 65542 | Depths:3 | Lost mutation: You are partially covered in iridescent
                  | scales. (AC +2) [potion of mutation]
 65542 | Depths:3 | Gained mutation: Your health recovers twice as slowly from
                  | being drained. [potion of mutation]
 65542 | Depths:3 | Gained mutation: You have large cloven feet. [potion of
                  | mutation]
 65543 | Depths:3 | Lost mutation: Your health recovers twice as slowly from
                  | being drained. [potion of mutation]
 65543 | Depths:3 | Lost mutation: You have large cloven feet. [potion of
                  | mutation]
 65543 | Depths:3 | Gained mutation: Your spells are a little harder to cast,
                  | but a little more powerful. [potion of mutation]
 65543 | Depths:3 | Gained mutation: Your mind is acute. (Int +4, Str/Dex -1)
                  | [potion of mutation]
 66055 | Depths:4 | Entered Level 4 of the Depths
 66055 | Depths:4 | Found Qaveutox's Antique Weapon Shoppe.
 66675 | Depths:4 | Found a broken altar of Ashenzari.
 66690 | Depths:4 | Found Vuso's Magic Scroll Shoppe.
 66896 | Depths:4 | Bought 3 scrolls of blinking for 270 gold pieces
 66896 | Depths:4 | Bought a scroll of blinking for 90 gold pieces
 67011 | Depths:4 | Found Coonoiv's Weapon Shop.
 67046 | Depths:4 | Identified the storm talisman of Ecsunog {rC++ Str-4 Int+4}
 67256 | Depths:4 | Noticed the Enchantress
 67275 | Depths:4 | Killed the Enchantress
 67435 | Depths:4 | Reached XP level 25. HP: 110/197 MP: 31/49
 67439 | Depths:4 | Reached skill level 23 in Summonings
 67625 | Depths:4 | Found Nod Deyv's Antique Armour Shoppe.
 67636 | Depths:4 | Bought a slimy plate armour for 1176 gold pieces
 67636 | Depths:4 | Identified the +5 plate armour "Cewyucsiv" {-Tele rN++
                  | Int+3 Dex-5} (You bought it in a shop on level 4 of the
                  | Depths)
 67636 | Depths:4 | Bought a smoking kite shield for 399 gold pieces
 67636 | Depths:4 | Identified the +3 kite shield of the Hart {*Slow Dex+6}
                  | (You bought it in a shop on level 4 of the Depths)
 68232 | Depths:4 | Found a gate to the Realm of Zot.
 68302 | Depths:4 | Killed from afar by a black draconian

Illustrated notes

Levels and vault maps discovered:
D:1:      wander_arrival_estate, layout_basic
D:2:      layout_rooms, uniq_sigmund, uniq_terence
D:3:      layout_loops_corners, nicolae_overflow_hidden_temple,
          item_on_display_a, uniq_crazy_yiuf_cottage, uniq_grinder
D:4:      cheibrodos_greedy_goblins, layout_loops_ring, serial_shops, shop,
          uniq_robin, uniq_natasha
D:5:      minmay_spotlight, layout_basic, gammafunk_ghost_split,
          blue_anna_alchemist, minmay_starry_boxes, uniq_menkaure
D:6:      layout_layer_cave, zin_academy, minmay_temple_entry_sparse_star
D:7:      layout_basic, riverfiend_overflow_shadow_ancestor, serial_shops, shop,
          nicolae_shop_overgrown_old_shop, shop, minmay_misc_feat_tiny,
          minmay_fire_ice_demons
D:8:      layout_basic, gammafunk_temple_overflow_claw, hellmonk_lair_entry_icy,
          uniq_jeremiah
D:9:      layout_layer_cave, st_stairs_9, nicolae_diode_quadrants
D:10:     layout_cave_pools, hellmonk_ghost_big_iron, minmay_diamond_spiral,
          uniq_fannar, uniq_harold
D:11:     layout_roguey, david_orc_1_choice, nicolae_wooded_promenade
D:12:     layout_basic, hellmonk_ghost_happy_afterlife,
          nicolae_gozag_seed_capital
D:13:     layout_basic, grunt_vaults_entry_tiered
D:14:     layout_gridville, okawaru_gym_becter, gammafunk_ghost_arena
D:15:     gammafunk_depths_entry_grave, layout_rooms, serial_bayou_pond_a
Temple:   minmay_freezing_vapour_temple
Lair:1:   layout_gridlike, chequers_serial_rivers_micro_c
Lair:2:   layout_regular_city, mainiacjoe_swamp_entry_lozenge_pond, worms_lemuel
Lair:3:   layout_regular_city, nicolae_snake_entry_warm_welcome,
          nicolae_volcano_entry_s_turn, beast_lair_carwin_11
Lair:4:   layout_misc_corridors, slime_entry_2, st_stairs_6, minivault_27,
          uniq_kirke, uniq_josephine
Lair:5:   hellmonk_lair_end_abyssal_woods, layout_regular_city,
          serial_bayou_shore_a, grunt_megastairs_2
Swamp:1:  layout_basic_swamp, evilmike_swamp_ruin_house_6, swamp_pool_3,
          nicolae_swamp_wisp_ring_woods
Swamp:2:  layout_basic_swamp, infiniplex_staircase_pool, swamp_pool_1_2,
          cheibrodos_swamp_witchery, uniq_aizul
Swamp:3:  layout_falls_marsh, evilmike_swamp_ruin_house_2, uniq_louise
Swamp:4:  swamp_pestilence, layout_basic_swamp
Snake:1:  layout_rooms
Snake:2:  layout_rooms, basic_altar, serial_shops, shop, nrook_loot_triangle,
          lightli_airlock, uniq_donald
Snake:3:  layout_chambers
Snake:4:  grunt_snake_rune_serpentine_throne, layout_misc_corridors,
          serial_shops, nicolae_shop_tiny_waterfront
Orc:1:    layout_diamond_mine, blackcustard_rock_pile
Orc:2:    kennysheep_orc_mage_school, layout_caves, nicolae_orc_lava_tube,
          nicolae_orc_crystal_geode
Elf:1:    minmay_elf_arrival_circle, layout_loops_cross,
          kennysheep_underground_church, corner_web_ring, orc_legates
Elf:2:    nicolae_elf_blades_splatter_lattice [mumra_blade_entry_dagger],
          layout_geoelf_grid, uniq_saint_roka, uniq_roxanne
Elf:3:    minmay_elf_hall_hex, layout_rooms, drop_trap,
          serial_library_hellmonk_angled_corner,
          minmay_the_grid_square_5x5_3x3_mashed
          [minmay_the_grid_square_5x5_shrine1, minmay_the_grid_square_5x5_meh,
          minmay_the_grid_square_5x5_slash, minmay_the_grid_square_5x5_empty,
          minmay_the_grid_square_5x5_megaprize_hollow,
          minmay_the_grid_square_5x5_tetrominoes,
          minmay_the_grid_square_5x5_one_wall,
          minmay_the_grid_square_5x5_almost_minimal,
          minmay_the_grid_square_5x5_inner_v]
Vaults:1: vaults_room_door_hall, nicolae_vaults_tetromino_L_1,
          hangedman_vaults_pinch, nicolae_vaults_little_guard_posts,
          nicolae_vaults_closet_pinwheel_4, nicolae_vaults_alarming,
          layout_vaults_omnigrid, serial_shops, statue_bzr
Vaults:2: nicolae_vaults_double_plus_1, nicolae_vaults_murderbox,
          nicolae_vaults_specimen_jars, vaults_room_ringed_pool, v_misc_10,
          vaults_room_grid, v_pattern_2, vaults_dpeg_diagonal, vaults_room_pool,
          v_misc_2, nicolae_vaults_angled_halls, nicolae_vaults_trapezoid_3,
          vaults_dpeg_emergency_exit, hangedman_vaults_slice, v_rooms_1,
          layout_vaults_ring
Vaults:3: nicolae_vaults_wrenched, hangedman_vaults_restitches, st_spiral_rooms,
          minmay_orc_keep, v_misc_2, nicolae_vaults_tangram_2,
          vaults_mumra_hexcomb, minmay_crypt_entry_simple_statues,
          nicolae_vaults_cornered_office, v_misc_24,
          serial_library_hellmonk_big_corner, layout_vaults_omnibox
Vaults:4: nicolae_vaults_trapezoid_layered, vaults_room_corners,
          nicolae_vaults_shipping_containers_4, vaults_mumra_chevron_long,
          vaults_dpeg_hooks, v_alt_pattern_4,
          hangedman_vaults_stretched_pinwheel, nicolae_vaults_theta,
          hangedman_vaults_stream, hangedman_vaults_stretched_pinwheel,
          vaults_room_grid, nicolae_vaults_storage_room_glass, v_pattern_4,
          vaults_room_door_ring, hangedman_vaults_hat, layout_vaults_maze,
          enter_trove_1, uniq_mara
Depths:1: nicolae_cairo_tiling_large, layout_twisted_cross, enter_ziggurat_f,
          minmay_crystal_water, grunt_hell_entry_dis_grunt,
          nicolae_abyss_entry_one_way_or_another, pan_entry,
          chequers_serial_rivers_small_a, nicolae_hepliaklqana_hippocampus,
          uniq_norris
Depths:2: grunt_arcs, layout_cave_shapes, hell_entry,
          chequers_serial_rivers_micro_e, grunt_pan_entry_zigzag,
          hangedman_abyss_or_decor_jellyfish_corner
Depths:3: minmay_skeletal_surprise, layout_gridlike, serial_shops, shop,
          abyss_entry, pan_entry, serial_co_window_serial, co_window_corner_a,
          co_window_of_opportunity_a, co_window_of_opportunity_a,
          co_window_corner_a, co_window_cross_1, co_window_broadway_c,
          co_window_paths_c, co_window_broadway_c, co_window_of_opportunity_c,
          co_window_broadway_c, co_window_paths_d, glass_columns_b,
          glass_columns_a, minmay_curled_crystal, hell_entry, uniq_jory
Depths:4: lemuel_castle_with_subvaults [lemuel_castle_interior_carwin_1],
          layout_cave_pools, rand_demon_pan_entry_7,
          serial_library_hellmonk_u_bend, serial_shops, shop,
          nicolae_shop_scrapyard, nicolae_shop_peninsula, shop,
          nicolae_shop_bloodbath_and_beyond, hell_entry,
          nicolae_ashenzari_panopticon, uniq_enchantress

Skill      XL: |  1  2  3  4  5  6  7  8  9 10 11 12 13 14 15 16 17 18 19 20 21 22 23 24 25 |
---------------+----------------------------------------------------------------------------+-----
Stealth        | 2 |  2.0
Summonings     | 5 7 8 9 12 13 15 17 18 19 20 21 22 23 | 23.4
Spellcasting   | 3 4 5 7 8 9 11 12 13 14 17 19 21 22 | 22.6
Fighting       | 4 10 13 16 18 22 | 22.7
Dodging        | 4 7 9 11 12 15 17 20 | 20.3
Armour         | 5 7 11 13 | 13.0
Shields        | 1 7 10 13 15 16 | 16.1
Invocations    | 4 7 8 |  8.6

Action                     |  1- 3 |  4- 6 |  7- 9 | 10-12 | 13-15 | 16-18 | 19-21 | 22-24 | 25-27 || total
---------------------------+-------+-------+-------+-------+-------+-------+-------+-------+-------++-------
  Melee: Unarmed           |    11 |       |       |       |       |       |       |       |       ||    11
         Short sword       |    27 |    17 |       |       |       |       |       |       |       ||    44
         Punch             |     1 |       |       |       |       |       |       |       |       ||     1
         Quarterstaff      |       |       |   116 |    25 |       |       |       |       |       ||   141
         Halberd           |       |       |       |    71 |   124 |       |       |       |       ||   195
         Broad axe         |       |       |       |       |    83 |   259 |   258 |    15 |       ||   615
         Whip              |       |       |       |       |       |       |       |   103 |    28 ||   131
         War axe           |       |       |       |       |       |       |       |     3 |       ||     3
   Fire: Sling             |       |    89 |       |       |       |       |       |       |       ||    89
   Cast: Summon Small Mamm |    16 |     2 |    16 |    10 |     4 |     5 |       |       |       ||    53
         Call Imp          |     3 |     8 |    19 |    17 |    25 |    12 |       |       |       ||    84
         Call Canine Famil |     2 |    11 |    30 |    36 |    49 |    37 |     2 |       |       ||   167
         Summon Lightning  |       |       |    24 |    61 |    93 |    91 |    54 |    16 |     1 ||   340
         Summon Cactus Gia |       |       |       |    17 |    68 |    89 |    79 |    52 |     4 ||   309
         Summon Forest     |       |       |       |     6 |    17 |    21 |     9 |     4 |       ||    57
         Summon Mana Viper |       |       |       |     2 |     5 |    19 |     2 |     2 |       ||    30
         Monstrous Menager |       |       |       |       |       |    30 |   186 |   147 |    26 ||   389
         Martyr's Knell    |       |       |       |       |       |     5 |    21 |     8 |     3 ||    37
         Summon Horrible T |       |       |       |       |       |       |     2 |    21 |     9 ||    32
         Summon Hydra      |       |       |       |       |       |       |       |     1 |       ||     1
         Dragon's Call     |       |       |       |       |       |       |       |     3 |       ||     3
 Invoke: Ancestor Life: Kn |       |       |       |     1 |       |       |       |       |       ||     1
         Recall Ancestor   |       |       |       |       |     1 |       |     2 |     3 |       ||     6
         Idealise          |       |       |       |       |       |       |     8 |    11 |     1 ||    20
Ability: Hop               |     1 |       |     4 |     4 |     6 |     6 |     5 |     4 |     1 ||    31
    Use: Scroll            |       |       |     9 |       |     4 |    14 |     6 |    11 |       ||    44
         Potion            |       |       |       |       |     1 |       |       |     8 |     1 ||    10
   Stab: Sleeping          |       |       |     5 |       |       |     1 |     3 |     2 |       ||    11
         Distracted        |       |       |     2 |     1 |     4 |    10 |    13 |     3 |       ||    33
         Paralysed         |       |       |       |       |       |       |       |       |     2 ||     2
 Armour: Robe              |    32 |    47 |    95 |       |    64 |    18 |   235 |   197 |    42 ||   730
         Leather armour    |       |       |    60 |   155 |   211 |       |       |       |       ||   426
         Swamp dragon scal |       |       |       |       |       |   427 |   133 |       |       ||   560
  Dodge: Dodged            |    35 |    36 |   135 |   152 |   323 |   455 |   477 |   229 |    46 ||  1888
  Block: Buckler           |       |       |       |       |    34 |   134 |       |       |       ||   168
         Kite shield       |       |       |       |       |       |   205 |   486 |   235 |    21 ||   947
         Reflection        |       |       |       |       |       |    29 |    36 |     8 |       ||    73
